Map: Jagannatha LE

Players

GOStephano (Stephano)

  • Race: Zerg Zerg
  • League: Master

MaxPax - Winner!

  • Race: Protoss Protoss
  • League: Grandmaster

Event: DreamHack SC2 Masters 2021 Summer

VOD

Have the link to the VOD?

Description

Time

  • Played on: May 30, 2021, 12:01 p.m.
  • Length: 8:42

All games in this series

Show
View Real Time Build Order
Export as new Build Order

GOStephano Zerg 

Build Orders: Hatch First 

Get SALT Encoding   

  12  0:00  Drone  
  13  0:12  Overlord  
  13  0:17  Drone  
  14  0:30  Drone x2  
  16  0:51  Hatchery, Drone  
  16  0:55  Drone  
  17  0:58  Drone  
  18  1:08  Extractor  
  17  1:14  Spawning Pool  
  17  1:17  Drone  
  17  1:20  Drone  
  18  1:27  Drone  
  19  1:38  Drone  
  20  1:49  Drone  
  21  2:02  Queen, Zergling x2  
  21  2:03  Queen  
  21  2:04  Drone  
  27  2:10  Overlord  
  27  2:13  Drone  
  28  2:18  Metabolic Boost  
  28  2:29  Hatchery  
  27  2:31  Zergling x2  
  27  2:34  Drone  
  27  2:37  Drone  
  30  2:43  Queen  
  32  2:47  Overlord  
  32  2:50  Drone  
  33  2:56  Drone  
  34  3:02  Zergling x2  
  34  3:05  Spore Crawler  
  34  3:06  Spore Crawler  
  34  3:08  Drone x2  
  34  3:10  Drone x2  
  34  3:12  Drone x2  
  41  3:18  Overlord  
  41  3:21  Queen  
  41  3:23  Drone  
  44  3:33  Overlord  
  44  3:37  Drone  
  44  3:38  Queen  
  44  3:39  Drone  
  44  3:40  Drone  
  49  3:42  Drone  
  49  3:47  Drone x3  
  53  3:50  Drone  
  53  3:52  Overlord  
  54  3:57  Drone x3  
  57  4:03  Queen  
  59  4:12  Zergling x8  
  59  4:13  Spine Crawler  
  59  4:16  Zergling x2  
  59  4:17  Zergling x2, Evolution Chamber  
  64  4:22  Zergling x2  
  64  4:23  Zergling x6  
  67  4:29  Zergling x2  
  68  4:33  Zergling x6  
  68  4:37  Overlord  
  71  4:42  Zergling x4  
  72  4:55  Zergling x10  
  72  4:56  Zergling x8  
  75  5:05  Queen  
  75  5:07  Zergling x8  
  65  5:16  Zergling x2  
  65  5:17  Zergling x8  
  64  5:21  Queen x2  
  66  5:33  Zergling x14  
  69  5:43  Drone x3  
  68  5:50  Zerg Melee Weapons Level 1  
  68  5:51  Baneling Nest  
  68  5:52  Drone x3  
  70  6:02  Drone  
  70  6:03  Drone x3  
  71  6:05  Zergling x4  
  71  6:06  Zergling x2  
  66  6:17  Zergling x6  
  69  6:22  Zergling x2  
  69  6:23  Zergling x10  
  74  6:36  Baneling x3  
  74  6:37  Baneling x3  
  73  6:41  Zergling x14  
  79  6:51  Drone x3  
  81  6:56  Drone, Overlord  
  81  7:02  Extractor, Overlord  
  81  7:05  Drone  
  81  7:06  Overlord  
  81  7:13  Drone  
  82  7:22  Drone x7  
  89  7:27  Hatchery  
  89  7:29  Drone x5  
  93  7:30  Roach Warren  
  93  7:34  Lair  
  92  7:38  Drone x4  
  92  7:40  Extractor x2  
  93  7:44  Baneling x2  
  93  7:45  Baneling  
  93  7:49  Spine Crawler x2  
  93  7:50  Queen  
  93  7:51  Spine Crawler  
  93  7:52  Spine Crawler, Zergling x2, Baneling  
  93  7:55  Zergling x4  
  94  7:59  Baneling x2  
  94  8:00  Zergling x8  
  98  8:08  Zergling x16  
  96  8:24  Zergling x14  
Show
View Real Time Build Order
Export as new Build Order

MaxPax Protoss - Winner!

Build Orders: 1 Gate Expand, Mass Adepts 

Get SALT Encoding   

  12  0:00  Probe  
  13  0:12  Probe  
  14  0:20  Pylon  
  14  0:24  Probe  
  15  0:38  Probe (Chrono Boost)  
  15  0:39  Gateway  
  16  0:47  Probe (Chrono Boost)  
  16  0:49  Assimilator  
  17  0:52  Probe (Chrono Boost)  
  18  1:04  Probe  
  19  1:16  Probe  
  20  1:26  Nexus  
  20  1:37  Cybernetics Core  
  21  1:40  Probe  
  21  1:45  Assimilator  
  21  1:52  Probe  
  22  1:55  Pylon  
  22  2:04  Probe (Chrono Boost)  
  23  2:10  Adept (Chrono Boost)  
  23  2:14  Warp Gate  
  26  2:16  Probe (Chrono Boost)  
  26  2:21  Probe (Chrono Boost)  
  27  2:25  Twilight Council  
  27  2:30  Probe  
  27  2:35  Stalker  
  30  2:40  Probe  
  30  2:42  Probe  
  32  2:52  Robotics Facility  
  32  3:01  Gateway  
  32  3:08  Gateway  
  32  3:11  Gateway  
  32  3:14  Resonating Glaives (Chrono Boost)  
  32  3:15  Probe  
  32  3:16  Probe  
  34  3:26  Adept  
  36  3:28  Probe  
  38  3:34  Pylon  
  38  3:37  Warp Prism (Chrono Boost)  
  39  3:42  Probe  
  39  3:44  Probe  
  42  3:55  Pylon  
  42  4:02  Adept  
  43  4:03  Adept  
  43  4:04  Adept  
  43  4:06  Adept  
  49  4:13  Probe x2  
  49  4:14  Shield Battery  
  51  4:27  Adept x4  
  51  4:28  Probe  
  51  4:29  Probe  
  61  4:35  Pylon  
  61  4:36  Pylon  
  61  4:53  Adept x2  
  61  4:54  Adept x2  
  61  4:55  Probe  
  70  5:02  Probe  
  65  5:07  Probe  
  65  5:13  Adept  
  65  5:14  Probe, Adept x3  
  70  5:19  Probe  
  68  5:37  Adept x4  
  68  5:38  Probe  
  71  5:45  Nexus  
  72  5:55  Pylon  
  72  5:57  Observer  
  72  5:58  Adept x2  
  72  6:00  Adept  
  74  6:05  Adept  
  74  6:06  Probe x2  
  74  6:13  Pylon  
  74  6:15  Immortal (Chrono Boost)  
  78  6:26  Pylon  
  78  6:29  Assimilator x2  
  78  6:30  Adept x3  
  78  6:32  Adept  
  86  6:38  Probe  
  87  6:42  Probe  
  84  6:50  Probe  
  84  6:53  Immortal (Chrono Boost)  
  84  6:54  Probe  
  84  7:02  Probe, Adept x3  
  84  7:06  Probe  
  84  7:08  Probe  
  93  7:09  Shield Battery  
  93  7:14  Probe  
  94  7:18  Probe  
  94  7:20  Probe  
  96  7:23  Pylon  
  96  7:25  Observer  
  96  7:26  Probe, Forge  
  96  7:29  Adept x4  
  105  7:32  Probe  
  107  7:44  Pylon  
  108  7:45  Assimilator  
  108  7:49  Assimilator  
  106  7:51  Adept x4  
  106  7:56  Pylon  
  104  8:20  Adept x4  
  104  8:23  Probe x2  
  89  8:38  Gateway  
  89  8:39  Gateway  
Tags
 
Add a new tag
Caveats
  • Supply blocks, unpowered buildings, or Contaminate may cause inaccurate times.
  • Supply counts are checked every 10 seconds.